 Dungeon Crawl Stone Soup version 0.20.1-1-g8b1a95d (webtiles) character file.

18893 Jazqa the Fighter (level 12, 0/80 HPs)
             Began as a Gargoyle Fighter on Oct 28, 2017.
             Was the Champion of Okawaru.
             Killed from afar by a rime drake (20 damage)
             ... with a flash freeze
             ... on level 4 of the Lair of Beasts.
             The game lasted 00:19:23 (10936 turns).

Jazqa the Fighter (Gargoyle Fighter)               Turns: 10936, Time: 00:19:24

Health: 0/80       AC: 22    Str: 23    XL:     12   Next: 63%
Magic:  28/28      EV:  9    Int: 11    God:    Okawaru [******]
Gold:   551        SH: 12    Dex:  9    Spells: 11/11 levels left

rFire    . . .     SeeInvis +   Y - +5 mace (holy)
rCold    . . .     Gourm    .   c - +0 shield
rNeg     + . .     Faith    +   b - +0 scale mail
rPois    ∞         Spirit   .   (no helmet)
rElec    +         Reflect  .   M - +0 cloak
rCorr    .         Harm     .   j - +0 pair of gloves
MR       .....                  w - +1 pair of boots
Stlth    ..........             H - amulet of faith {!P}
Regen    0.3/turn               W - ring of magical power
MPRegen  0.3/turn               v - ring of see invisible

@: no status effects
A: negative energy resistance 1, electricity resistance, unbreathing,
petrification resistance, rot immunity, AC +8
a: Heroism, Finesse, Renounce Religion


You were on level 4 of the Lair of Beasts.
You worshipped Okawaru.
Okawaru was exalted by your worship.
You were hungry.

You visited 3 branches of the dungeon, and saw 14 of its levels.

You collected 551 gold pieces.


Innate Abilities, Weirdness & Mutations

You are resistant to torment.
Your stone body is resilient. (AC +8)
You are immune to poison.
You resist negative energy. (rN+)
You are resistant to electric shocks. (rElec)
You can survive without breathing.
You are immune to petrification.
You are immune to rotting.


   Skills:
 + Level 11.2 Fighting
 + Level 10.2 Maces & Flails
 + Level 10.2 Armour
 + Level 10.1 Shields
 + Level 9.4 Invocations


You had 11 spell levels left.
You didn't know any spells.

Inventory:

Hand Weapons
 Y - a +5 mace of holy wrath (weapon)
Missiles
 e - 3 throwing nets (quivered) {=f}
Armour
 b - a +0 scale mail (worn)
 c - a +0 shield (worn)
 j - a +0 pair of gloves (worn)
 w - a +1 pair of boots (worn)
 M - a +0 cloak (worn)
Jewellery
 v - a ring of see invisible (right hand)
 F - an uncursed ring of fire
 H - an amulet of faith (around neck) {!P}
 W - a ring of magical power (left hand)
Wands
 h - a wand of clouds (5/9)
 q - a wand of lightning (9/15)
 E - a wand of flame (38/48)
 S - a wand of scattershot (9/9)
 T - a wand of iceblast (5/15)
Scrolls
 n - a scroll of teleportation {@r4}
 o - 3 scrolls of fear
 p - 5 scrolls of magic mapping
 r - 10 scrolls of remove curse {@r2}
 A - 2 scrolls of identify {@r1}
 G - a scroll of vulnerability {unknown}
 K - a scroll of amnesia
 L - 2 scrolls of fog
 O - a scroll of enchant armour
Potions
 a - a potion of cancellation
 d - 3 potions of might
 i - 3 potions of flight
 k - 11 potions of curing {@q1}
 l - 2 potions of agility
 s - a potion of magic
 t - a potion of degeneration {unknown}
 x - 4 potions of mutation {!q}
 z - 2 potions of ambrosia
 I - a potion of haste {unknown}
 J - a potion of resistance
 R - a potion of brilliance
 U - 3 potions of berserk rage {!q}
Miscellaneous
 X - a fan of gales
Comestibles
 f - 9 bread rations {@e1}
 g - 12 fruits {@e2}
 u - 7 meat rations {@e1}
 V - 5 royal jellies {@e3}

Dungeon Overview and Level Annotations

Branches:
Dungeon (9/15)             Temple (1/1) D:4            Lair (4/6) D:9
  Snake (0/4) Lair:4
  Swamp: Lair:2-4    Shoals: Lair:2-4       Orc: D:9-12

Altars:
Ashenzari
Cheibriados
Dithmenos
Elyvilon
Fedhas
Gozag
Hepliaklqana
Kikubaaqudgha
Makhleb
Nemelex Xobeh
Okawaru
Qazlal
Ru
Sif Muna
Trog
Uskayaw
Vehumet
Xom
Yredelemnul
Zin
The Shining One

Annotations:
Lair:1 exclusion: oklob plant

▒▒....▒.......▒.....▒▒
▒▒....▒▒▒...▒'▒.....P▒▒▒
......▒▒▒..▒..▒.........
........................
....................<...
........................
.......................
........####...k†l.###P
........###..#..@...#
............P......P#
........P...........#
P.<........)##.....##
▒▒......P...##......#
.▒......##..##.....##
▒.......##...#.....#
▒.......####.#......
........#P##...


You could see a basilisk and a rime drake.


Message History

The rime drake breathes ice at you. You block the flash freeze.
You sock the catoblepas!
The catoblepas is almost dead.
The catoblepas gores you but does no damage.
The rime drake bites you but does no damage.
Unknown command.
You block the rime drake's attack. The catoblepas gores you!
* * * LOW HITPOINT WARNING * * *
Unknown command.
You hit the catoblepas.
The catoblepas is almost dead.
The rime drake closely misses you.
The catoblepas gores you but does no damage.
Unknown command.
You hit the catoblepas.
You kill the catoblepas!
Okawaru accepts your kill. The rime drake completely misses you.
The basilisk bites you!
* * * LOW HITPOINT WARNING * * *
Unknown command.
You feel better. You block the rime drake's attack.
The basilisk closely misses you.
Unknown command.
You barely miss the basilisk.
The rime drake bites you but does no damage.
The basilisk bites you but does no damage.
The rime drake breathes ice at you. The flash freeze hits you!
You die...

Skill      XL: |  1  2  3  4  5  6  7  8  9 10 11 12 |
---------------+-------------------------------------+-----
Fighting       | 4 5 6 7 8 9 10 11 | 11.2
Maces & Flails | 3 4 5 6 7 8 9 10 | 10.2
Invocations    | 2 4 5 7 8 9 |  9.4
Armour         | 4 5 6 8 9 10 | 10.2
Shields        | 4 5 6 8 9 10 | 10.1

Action                   |  1- 3 |  4- 6 |  7- 9 | 10-12 || total
-------------------------+-------+-------+-------+-------++-------
Melee: Flail             |   112 |   226 |   390 |   188 ||   916
       Mace              |       |       |       |   547 ||   547
Invok: Heroism           |       |       |     4 |    13 ||    17
  Use: Potion            |       |     1 |     1 |     4 ||     6
       Scroll            |       |       |    12 |    14 ||    26
  Eat: Chunk             |       |     7 |    10 |    15 ||    32
       Royal jelly       |       |       |       |     1 ||     1
Armor: Scale mail        |    82 |   115 |   216 |   391 ||   804
Dodge: Dodged            |    31 |    94 |   117 |   242 ||   484
Block: Shield            |    61 |   115 |   217 |   399 ||   792

Vault maps used:
D:1:      denvon_arrival_waterhouse, minmay_misc_feat_columns
D:2:      elyvilon_altar_4
D:3:      grunt_temple_overflow_lords_of_destruction,
          chequers_ecumenical_altar_simple_redux, dk_vineyard_2, uniq_terence
D:4:      minmay_temple_entry_mist, first_bread, kennysheep_minor_cross,
          minmay_misc_feat_doors, minmay_crossroads
D:5:      hangedman_abyss_or_decor_passed
D:7:      grunt_temple_overflow_open, the_bakery, nicolae_ru_path_of_blood
D:8:      lightli_ossuary_entry_decrepit_ruins, uniq_prince_ribbit1,
          uniq_maurice
D:9:      cheibrodos_barr_body, dpeg_oklobed_lair, minmay_door_square
Temple:   cyrus_circular_temple
Lair:1:   lemuel_oklob_altar
Lair:3:   wad_woods_stonehenge, hangedman_lair_unloving_vines, pf_torpor_hydra,
          infiniplex_staircase_pool
Lair:4:   swamp_mist_pool, minmay_snake_entry_spellcaster, patterned_corridor

Notes
Turn   | Place    | Note
-------+----------+-------------------------------------------
     0 | D:1      | Jazqa the Gargoyle Fighter began the quest for the Orb.
     0 | D:1      | Reached XP level 1. HP: 14/14 MP: 1/1
   201 | D:1      | Reached XP level 2. HP: 16/19 MP: 2/2
   766 | D:2      | Reached skill level 4 in Fighting
   805 | D:2      | Reached XP level 3. HP: 24/24 MP: 3/3
   929 | D:2      | Reached skill level 3 in Maces & Flails
   939 | D:2      | Reached XP level 4. HP: 30/30 MP: 4/4
  1163 | D:2      | Found a white marble altar of Elyvilon.
  1386 | D:3      | Noticed an ice beast
  1393 | D:3      | Killed an ice beast
  1393 | D:3      | Reached skill level 5 in Fighting
  1393 | D:3      | Reached skill level 4 in Maces & Flails
  1393 | D:3      | Reached XP level 5. HP: 35/35 MP: 5/5
  1443 | D:3      | Found a faded altar of an unknown god.
  1893 | D:3      | Noticed Terence
  1907 | D:3      | Killed Terence
  1907 | D:3      | Reached XP level 6. HP: 36/40 MP: 6/6
  2160 | D:3      | Found a radiant altar of Vehumet.
  2161 | D:3      | Found a burning altar of Makhleb.
  2259 | D:4      | Found a staircase to the Ecumenical Temple.
  2289 | D:4      | Reached skill level 6 in Fighting
  2289 | D:4      | Reached skill level 5 in Maces & Flails
  2346 | Temple   | Entered the Ecumenical Temple
  2365 | Temple   | Became a worshipper of Warmaster Okawaru
  2875 | D:5      | Entered Level 5 of the Dungeon
  2915 | D:5      | Reached XP level 7. HP: 34/47 MP: 7/7
  3160 | D:5      | Reached * piety under Okawaru
  3160 | D:5      | Reached skill level 1 in Invocations
  3252 | D:5      | Reached skill level 4 in Armour
  3252 | D:5      | Reached skill level 4 in Shields
  3517 | D:5      | Reached skill level 2 in Invocations
  3664 | D:6      | Reached XP level 8. HP: 47/52 MP: 9/9
  4031 | D:7      | Found a glowing golden altar of the Shining One.
  4031 | D:7      | Found a hide-covered altar of Uskayaw.
  4031 | D:7      | Found a hazy altar of Hepliaklqana.
  4031 | D:7      | Found a shadowy altar of Dithmenos.
  4031 | D:7      | Found a bloodstained altar of Trog.
  4031 | D:7      | Found an ancient bone altar of Kikubaaqudgha.
  4074 | D:7      | Reached skill level 3 in Invocations
  4105 | D:7      | Found a sacrificial altar of Ru.
  4150 | D:7      | Reached skill level 7 in Fighting
  4150 | D:7      | Reached skill level 6 in Maces & Flails
  4159 | D:7      | Noticed a spriggan baker
  4186 | D:7      | Killed a spriggan baker
  4186 | D:7      | Reached skill level 5 in Armour
  4186 | D:7      | Reached skill level 5 in Shields
  4446 | D:7      | Reached ** piety under Okawaru
  4747 | D:7      | Reached skill level 4 in Invocations
  4747 | D:7      | Reached XP level 9. HP: 57/57 MP: 10/12
  5020 | D:8      | Noticed ThereIsNoGod's ghost (novice TrFi)
  5049 | D:8      | Killed ThereIsNoGod's ghost
  5049 | D:8      | Reached *** piety under Okawaru
  5049 | D:8      | Reached skill level 8 in Fighting
  5049 | D:8      | Reached skill level 7 in Maces & Flails
  5049 | D:8      | Reached skill level 6 in Armour
  5049 | D:8      | Reached skill level 6 in Shields
  5122 | D:8      | Identified a potion of resistance
  5133 | D:8      | Noticed Prince Ribbit
  5146 | D:8      | Killed Prince Ribbit
  5146 | D:8      | Reached skill level 5 in Invocations
  5155 | D:8      | Noticed Maurice
  5445 | D:9      | Found a staircase to the Lair.
  5823 | D:9      | Reached XP level 10. HP: 59/65 MP: 14/14
  5904 | D:9      | Reached skill level 7 in Armour
  5924 | D:9      | Reached **** piety under Okawaru
  5960 | D:9      | Reached skill level 6 in Invocations
  6003 | D:9      | Reached skill level 7 in Shields
  6172 | D:9      | Noticed a two-headed ogre
  6211 | D:8      | Killed Maurice
  6211 | D:8      | Reached skill level 9 in Fighting
  6211 | D:8      | Reached skill level 8 in Maces & Flails
  6354 | D:8      | Noticed a two-headed ogre
  6369 | D:8      | Killed a two-headed ogre
  6391 | D:8      | Noticed a two-headed ogre
  6399 | D:8      | Killed a two-headed ogre
  6611 | D:9      | Killed a two-headed ogre
  6611 | D:9      | Reached ***** piety under Okawaru
  6611 | D:9      | Received a gift from Okawaru
  6611 | D:9      | Reached skill level 8 in Armour
  6611 | D:9      | Reached skill level 8 in Shields
  6611 | D:9      | Reached skill level 7 in Invocations
  6611 | D:9      | Reached XP level 11. HP: 69/71 MP: 13/16
  6632 | D:9      | Noticed a centaur warrior
  6650 | D:9      | Killed a centaur warrior
  6907 | Lair:1   | Entered Level 1 of the Lair of Beasts
  6933 | Lair:1   | Noticed an oklob plant
  7363 | Lair:1   | Reached skill level 9 in Maces & Flails
  7538 | Lair:1   | Found a snail-covered altar of Cheibriados.
  7711 | Lair:1   | Reached skill level 10 in Fighting
  7734 | Lair:1   | Identified a scroll of acquirement
  8541 | Lair:2   | Reached skill level 8 in Invocations
  8717 | Lair:2   | Reached skill level 9 in Armour
  8930 | Lair:3   | Reached skill level 9 in Shields
  8971 | Lair:3   | Received a gift from Okawaru
  8977 | Lair:3   | Got a ruby-encrusted scale mail {god gift}
  8996 | Lair:3   | Identified the +1 scale mail of Lenuruk {rPois rCorr Str-5 Dex+4} (Okawaru gifted it to you on level 3 of the Lair of Beasts)
  9078 | Lair:3   | Noticed a seven-headed hydra
  9079 | Lair:3   | Found an iron altar of Okawaru.
  9098 | Lair:3   | Killed a seven-headed hydra
  9108 | Lair:3   | Reached XP level 12. HP: 34/78 MP: 18/18
  9285 | Lair:3   | Found a runed door.
  9861 | Lair:3   | Noticed a five-headed hydra
  9875 | Lair:3   | Killed a five-headed hydra
  9884 | Lair:3   | Reached skill level 9 in Invocations
 10379 | Lair:4   | Reached skill level 11 in Fighting
 10483 | Lair:4   | Found a staircase to the Snake Pit.
 10502 | Lair:4   | Reached skill level 10 in Maces & Flails
 10502 | Lair:4   | Reached skill level 10 in Armour
 10686 | Lair:4   | Reached ****** piety under Okawaru
 10698 | Lair:4   | Reached skill level 10 in Shields
 10843 | Lair:4   | Received a gift from Okawaru
 10896 | Lair:4   | Noticed a catoblepas
 10934 | Lair:4   | Killed a catoblepas
 10936 | Lair:4   | Killed from afar by a rime drake

Vanquished Creatures
  2 hydras (Lair:3)
  A catoblepas (Lair:4)
  3 two-headed ogres
  The ghost of ThereIsNoGod the Basher, a novice TrFi of Okawaru (D:8)
  A centaur warrior (D:9)
  3 elephants (Lair:4)
  Maurice (D:8)
  2 black mambas (Lair:4)
  A guardian serpent (Lair:4)
  A torpor snail (Lair:3)
  5 spiny frogs
  A troll (D:9)
  Prince Ribbit (D:8)
  8 hippogriffs
  3 blink frogs
  A shadow (D:9)
  3 spriggans
  11 yaks
  2 basilisks
  4 porcupines
  6 water moccasins
  4 ice beasts
  A sky beast (D:5)
  A black bear (Lair:4)
  2 orc warriors (D:9)
  3 ogres
  5 centaurs
  5 crocodiles
  8 bullfrogs
  2 scorpions
  A wyvern skeleton (D:9)
  3 wights (D:9)
  3 killer bees (D:9)
  An electric eel (Lair:3)
  2 howler monkeys
  2 quasits
  A bullfrog zombie (D:8)
  2 crimson imps
  A jelly (D:5)
  4 hounds
  4 iguanas
  6 orc wizards
  A bullfrog skeleton (D:6)
  Terence (D:3)
  3 worker ants
  A killer bee zombie (D:6)
  A hound skeleton (D:4)
  A worker ant zombie (D:9)
  9 gnolls
  10 adders
  2 shadow imps
  An ooze (D:2)
  An adder skeleton (D:4)
  A worm (D:2)
  A dart slug (D:2)
  2 leopard geckos
  35 orcs
  4 giant cockroaches
  5 goblins
  6 hobgoblins
  13 jackals
  A quokka (D:4)
  4 bats
  8 frilled lizards
  A giant cockroach zombie (D:5)
  6 kobolds
  A quokka skeleton (D:4)
  A quokka zombie (D:5)
  8 rats
  3 fungi
  3 plants (Lair:3)
256 creatures vanquished.

Vanquished Creatures (others)
  2 plants (Lair:3)
2 creatures vanquished.

Grand Total: 258 creatures vanquished
